 Dungeon Crawl Stone Soup version 0.28.0-43-g3370ac3207 (webtiles) character file.

Game seed: 12252135462799454272

803 sking99 the Ruffian (level 7, -12/72 HPs)
             Began as a Troll Monk on Mar 17, 2022.
             Mangled by Prince Ribbit (18 damage)
             ... on level 5 of the Dungeon.
             The game lasted 00:03:21 (2167 turns).

sking99 the Ruffian (Troll Monk)                    Turns: 2167, Time: 00:03:22

Health: -12/72     AC:  4    Str: 22    XL:     7   Next: 59%
Magic:  6/6        EV: 11    Int:  6    God:
Gold:   116        SH:  0    Dex: 12    Spells: 6/6 levels left

rFire   . . .      SeeInvis .     - Unarmed
rCold   . . .      Faith    .   (no shield)
rNeg    . . .      Spirit   .   a - +0 robe
rPois   .          Reflect  .   (helmet restricted)
rElec   .          Harm     .   (no cloak)
rCorr   .          Rampage  .   (gloves unavailable)
Will    .....                   (boots unavailable)
Stlth   ++........              (no amulet)
HPRegen 1.02/turn               (no ring)
MPRegen 0.10/turn               (no ring)

@: studying Fighting
A: large, unfitting armour, claws 3, regeneration 1, shaggy fur 1, tough skin 1
a: no special abilities


You were on level 5 of the Dungeon.
You visited 1 branch of the dungeon, and saw 4 of its levels.

You collected 116 gold pieces.

Inventory:

Missiles
 g - a throwing net (quivered)
Armour
 a - a +0 robe (worn)
Jewellery
 c - an amulet of faith
Wands
 d - a wand of mindburst (8)
Potions
 b - a potion of curing {unknown}
 e - a potion of heal wounds {unknown}
 f - a potion of degeneration {unknown}
 h - 2 potions of mutation
 i - a potion of might {unknown}


   Skills:
 + Level 5.0 Fighting
 + Level 4.2 Dodging
 - Level 1.0 Stealth
 * Level 6.8 Unarmed Combat


You had 6 spell levels left.
You didn't know any spells.
Your spell library contained the following spells:

 Spells                   Type           Power      Damage    Failure   Level
 Beastly Appendage        Tmut           0%         N/A       45%         1
 Wereblood                Tmut           0%         N/A       58%         2
 Spider Form              Tmut/Pois      0%         N/A       83%         3


Dungeon Overview and Level Annotations

Branches:
Dungeon (5/15)
 Temple: D:4-7

Altars:

Annotations:
D:5 Prince Ribbit


Innate Abilities, Weirdness & Mutations

You are too large for most types of armour.
You have claws for hands.
Your natural rate of healing is unusually fast.
You are covered in fur. (AC +1)
You have tough skin. (AC +1)


Message History

You feel very sick.
The water moccasin barely misses you. x2
You closely miss the water moccasin.
The water moccasin is severely wounded.
You feel very sick. The water moccasin bites you.
You miss the water moccasin.
The water moccasin is severely wounded.
You feel sick.
The water moccasin bites you but does no damage.
You claw the water moccasin!
You kill the water moccasin!
You feel sick.
Your Fighting skill increases to level 5!
You start resting.
You feel sick. x7
You are no longer poisoned.
You start resting.
HP restored.
Prince Ribbit comes into view.
A scorpion comes into view.
Found 4 scrolls of identify and 9 gold pieces.
Prince Ribbit hits you. Prince Ribbit barely misses you.
You barely miss Prince Ribbit. Prince Ribbit hits you.
You closely miss Prince Ribbit. Prince Ribbit hits you!
You closely miss Prince Ribbit. Prince Ribbit hits you!
You miss Prince Ribbit. Prince Ribbit hits you! x2
You closely miss Prince Ribbit. Prince Ribbit hits you!
* * * LOW HITPOINT WARNING * * *
Prince Ribbit hits you!
* * * LOW HITPOINT WARNING * * *
Prince Ribbit barely misses you.
Prince Ribbit blinks!
Prince Ribbit hits you.
* * * LOW HITPOINT WARNING * * *
Prince Ribbit hits you!
* * * LOW HITPOINT WARNING * * *
You scratch Prince Ribbit.
Prince Ribbit is lightly wounded.
Prince Ribbit hits you!!
You die...

###############################
...............F@s.ยง..........?
########################.......
....... ....... ....... ####
......$ ...# ########. .?.....
##.# #..[...... ..##### ##.#
#.........


You could see Prince Ribbit and a scorpion.

Vanquished Creatures
  A water moccasin (D:5)
  An ogre (D:4)
  A centaur (D:4)
  A phantom (D:5)
  2 bullfrogs (D:4)
  A scorpion (D:4)
  A howler monkey (D:4)
  2 iguanas (D:4)
  An orc wizard (D:5)
  A hound zombie (D:5)
  A howler monkey zombie (D:5)
  4 gnolls (D:4)
  A howler monkey skeleton (D:5)
  4 adders
  An adder skeleton (D:4)
  2 dart slugs
  3 orcs (D:5)
  2 endoplasms
  3 giant cockroaches (D:4)
  5 goblins
  2 hobgoblins (D:1)
  5 jackals (D:4)
  3 quokkas
  4 ball pythons
  A bat (D:1)
  3 frilled lizards
  4 kobolds
  3 rats
63 creatures vanquished.

Notes
Turn   | Place    | Note
-------+----------+-------------------------------------------
     0 | D:1      | sking99 the Troll Monk began the quest for the Orb.
     0 | D:1      | Reached XP level 1. HP: 22/22 MP: 0/0
   327 | D:1      | Reached XP level 2. HP: 29/29 MP: 1/1
   837 | D:2      | You fall into a shaft and drop 2 floors!
   868 | D:4      | Reached XP level 3. HP: 18/36 MP: 2/2
   874 | D:4      | Reached skill level 4 in Unarmed Combat
   968 | D:4      | Noticed a bullfrog
   975 | D:4      | Killed a bullfrog
   976 | D:4      | Reached XP level 4. HP: 10/45 MP: 3/3
   979 | D:4      | Reached XP level 5. HP: 8/53 MP: 4/4
  1033 | D:4      | Noticed a centaur
  1042 | D:4      | Killed a centaur
  1043 | D:4      | Reached skill level 5 in Unarmed Combat
  1121 | D:4      | Reached XP level 6. HP: 51/61 MP: 5/5
  1590 | D:4      | Reached skill level 6 in Unarmed Combat
  1590 | D:4      | Reached XP level 7. HP: 43/70 MP: 6/6
  1824 | D:5      | Entered Level 5 of the Dungeon
  2098 | D:5      | Reached skill level 5 in Fighting
  2153 | D:5      | Noticed Prince Ribbit
  2167 | D:5      | Mangled by Prince Ribbit

Illustrated notes

Levels and vault maps discovered:
D:1:      minmay_arrival_stair_chambers, layout_loops_ring,
          minmay_close_crescents
D:2:      layout_basic, basic_altar, minmay_tiny_reverse_x
D:4:      layout_loops_ring, minmay_manual_macuahuitl
D:5:      layout_basic, uniq_prince_ribbit1

Skill      XL: |  1  2  3  4  5  6  7 |
---------------+----------------------+-----
Unarmed Combat | 4 5 6 |  6.8
Fighting       | 3 4 5 |  5.0
Dodging        | 3 4 |  4.2
Stealth        | |  1.0

Action                   |  1- 3 |  4- 6 |  7- 9 || total
-------------------------+-------+-------+-------++-------
Melee: Unarmed           |    79 |    74 |    64 ||   217
       Punch             |     1 |       |     2 ||     3
Evoke: Wand              |       |     1 |       ||     1
  Use: Scroll            |       |     4 |     1 ||     5
 Stab: Sleeping          |     5 |     1 |     1 ||     7
Armor: Robe              |    18 |    25 |     8 ||    51
Dodge: Dodged            |    27 |    33 |    28 ||    88
